 Dungeon Crawl Stone Soup version 0.28-a0-1190-g77e1c55843 (webtiles) character file.

Game seed: 11368886287496468355

2795 bande the Chopper (level 9, -7/55 HPs)
             Began as a Gargoyle Fighter on Dec 19, 2021.
             Was a Believer of Okawaru.
             Mangled by a slime creature (11 damage)
             ... on level 6 of the Dungeon.
             The game lasted 00:20:31 (10087 turns).

bande the Chopper (Gargoyle Fighter)               Turns: 10087, Time: 00:20:32

Health: -7/55      AC: 19    Str: 19    XL:     9   Next: 71%
Magic:  12/12      EV:  7    Int: 10    God:    Okawaru [**....]
Gold:   307        SH:  6    Dex: 13    Spells: 8/8 levels left

rFire   + . .      SeeInvis .   a - +1 war axe
rCold   + . .      Faith    .   c - +1 buckler
rNeg    + . .      Spirit   .   n - +0 chain mail
rPois   ∞          Reflect  .   d - +0 helmet
rElec   +          Harm     .   (no cloak)
rCorr   .          Rampage  .   j - +0 pair of gloves
Will    .....                   (no boots)
Stlth   ..........              (no amulet)
HPRegen 0.18/turn               s - ring of protection from fire
MPRegen 0.13/turn               t - ring of protection from cold

@: no status effects
A: sickness immunity, AC +6, negative energy resistance 1, electricity
resistance, torment resistance 1, petrification resistance
a: Renounce Religion, Heroism


You were on level 6 of the Dungeon.
You worshipped Okawaru.
Okawaru was pleased with you.
You visited 2 branches of the dungeon, and saw 8 of its levels.
You also visited: Sewer.

You collected 307 gold pieces.

Inventory:

Hand Weapons
 a - a +1 war axe (weapon)
Armour
 c - a +1 buckler (worn)
 d - a +0 helmet (worn)
 j - a +0 pair of gloves (worn)
 n - a +0 chain mail (worn)
Jewellery
 s - a ring of protection from fire (left hand)
 t - a ring of protection from cold (right hand)
Wands
 b - a wand of digging (6)
 g - a wand of flame (22)
Scrolls
 m - 6 scrolls of fear
 o - a scroll of magic mapping
Potions
 e - 2 potions of flight
 f - a potion of degeneration {unknown}
 h - a potion of invisibility {unknown}
 i - a potion of ambrosia {unknown}
 k - 2 potions of curing
 l - a potion of haste {unknown}
 p - a potion of mutation {unknown}
 r - 2 potions of magic


   Skills:
 + Level 5.9 Fighting
 + Level 7.6 Axes
 + Level 6.4 Armour
 + Level 5.5 Shields
 * Level 4.0 Invocations
 * Level 4.4 Evocations


You had 8 spell levels left.
You didn't know any spells.
Your spell library contained the following spells:

 Spells                   Type           Power      Damage    Failure   Level
 Sandblast                Erth           0%         2d4       98%         1
 Ensorcelled Hibernation  Hex/Ice        0%         N/A       99%         2
 Passwall                 Tmut/Erth      0%         N/A       99%         2
 Stone Arrow              Conj/Erth      0%         3d7       100%        3
 Airstrike                Air            0%         N/A       100%        4
 Alistair's Intoxication  Tmut/Pois      0%         N/A       100%        5
 Borgnjor's Vile Clutch   Necr/Erth      0%         N/A       100%        5
 Fireball                 Conj/Fire      0%         3d3       100%        5
 Iskenderun's Battlesphe  Conj           0%         2d6       100%        5
 Lightning Bolt           Conj/Air       0%         1d11      100%        5
 Eringya's Noxious Bog    Tmut/Pois      0%         N/A       100%        6
 Iron Shot                Conj/Erth      0%         9d1       100%        6
 Starburst                Conj/Fire      0%         6d3       100%        6
 Ignition                 Fire           0%         3d3       100%        8
 Tukima's Dance           Hex            Unusable   N/A       N/A         3
 Summon Lightning Spire   Summ/Air       Unusable   N/A       N/A         4
 Spellforged Servitor     Conj/Summ      Unusable   N/A       N/A         7

Dungeon Overview and Level Annotations

Branches:
Dungeon (7/15)             Temple (1/1) D:5           Sewer (visited)

Altars:
Cheibriados
Dithmenos
Elyvilon
Hepliaklqana
Kikubaaqudgha
Makhleb
Nemelex Xobeh
Okawaru
Sif Muna
Trog
Uskayaw
Xom
Yredelemnul
Zin
The Shining One

Shops:
D:1 ?


Innate Abilities, Weirdness & Mutations

You are immune to sickness and miasma.
Your stone body is resilient. (AC +6)
You are immune to poison.
You resist negative energy. (rN+)
You are resistant to electric shocks. (rElec)
You are resistant to unholy torment.
You are immune to petrification.


Message History

You barely miss the large slime creature.
The large slime creature is heavily wounded.
The slime creature quivers.
You see here a bullfrog skeleton.
You see here a +0 robe.
There is a stone staircase leading up here.
You climb upwards.
There is a stone staircase leading down here.
You start resting.
HP restored.
You climb downwards.
The large slime creature completely misses you.
You block the slime creature's attack.
You block the large slime creature's attack.
There is a stone staircase leading up here.
The slime creature hits you!
A large slime creature splits.
You climb upwards.
There is a stone staircase leading down here.
You barely miss the slime creature. You hit the slime creature. x2
The slime creature hits you! x3; You block the slime creature's attack.
Unknown command.
You hit the slime creature.
The slime creature is lightly wounded.
You hit the slime creature but do no damage.
You slash the slime creature!
The slime creature hits you but does no damage.
You block the slime creature's attack. The slime creature hits you.
You slash the slime creature!
The slime creature is moderately wounded.
You slash the slime creature! You hit the slime creature.
The slime creature hits you but does no damage.
The slime creature hits you. You block the slime creature's attack.
Unknown command.
You hit the slime creature.
The slime creature is moderately wounded.
You hit the slime creature but do no damage.
You barely miss the slime creature. The slime creature hits you!
* * * LOW HITPOINT WARNING * * *
The slime creature hits you!
You die...

#.##.#†### #.[...........
#.##.#.# #[##.=........
#.##.#.# #.##.[...###..
#.##.#.# ####[######.##...
#.##.#.#####....# #.....[...
#.#.....##......#####..[....
#................##.##......
#.........>JJ.^..#..##.....#
#..........@.....#...##....#
#..........J.........####..#
#...)[.................#####
#................##....# #..
#................##....# ##.
#.................#....#####
##.......#........#....##.##
#.#.#...............###..##
#.#.###.###.#.......##.....


You could see 3 slime creatures.

Vanquished Creatures
  2 slime creatures (D:6)
  A shadow (D:6)
  A wraith (D:5)
  Pargi (Sewer)
  A sky beast (D:5)
  A black bear (D:5)
  2 ice beasts (D:5)
  A necrophage (D:5)
  4 ogres
  A bullfrog (D:7)
  A water moccasin zombie (D:5)
  2 water moccasin skeletons (D:5)
  2 electric eels (D:3)
  A bullfrog zombie (D:5)
  A centaur zombie (D:7)
  5 hounds
  2 centaur skeletons
  An orc priest (D:5)
  2 jellies
  2 gnoll shamans
  Terence (D:2)
  8 orc wizards
  An iguana (D:5)
  A hound zombie (D:5)
  2 howler monkey zombies (D:5)
  4 gnolls (D:6)
  7 adders
  A river rat (D:4)
  2 shadow imps (D:5)
  An ufetubus (D:4)
  2 adder skeletons (D:4)
  2 dart slugs
  12 orcs
  3 ball pythons
  7 bats
  7 endoplasms
  4 giant cockroaches
  8 goblins
  6 hobgoblins
  14 jackals
  5 quokkas
  2 frilled lizards
  11 kobolds
  9 rats
154 creatures vanquished.

Vanquished Creatures (others)
  An orc wizard (D:6)
  A withered plant (D:5)
2 creatures vanquished.

Grand Total: 156 creatures vanquished

Notes
Turn   | Place    | Note
-------+----------+-------------------------------------------
     0 | D:1      | bande the Gargoyle Fighter began the quest for the Orb.
     0 | D:1      | Reached XP level 1. HP: 14/14 MP: 1/1
   290 | D:1      | Reached XP level 2. HP: 19/19 MP: 2/2
   472 | D:1      | Reached skill level 2 in Axes
   572 | D:1      | Reached XP level 3. HP: 24/24 MP: 3/3
   693 | D:1      | Found a faded altar of an unknown god.
   824 | D:1      | Found Mudeod's Magic Scroll Shop.
  1496 | D:2      | Found a shadowy altar of Dithmenos.
  1837 | D:2      | Reached XP level 4. HP: 17/29 MP: 4/4
  2030 | D:3      | Noticed Terence
  2030 | D:3      | Found a transporter.
  2035 | D:2      | Killed Terence
  2062 | D:3      | Reached skill level 3 in Axes
  2113 | D:3      | Reached XP level 5. HP: 28/33 MP: 5/5
  2262 | D:3      | Found a transporter.
  2366 | D:3      | Found a burning altar of Makhleb.
  3302 | D:4      | Reached skill level 1 in Evocations
  3302 | D:4      | Reached XP level 6. HP: 22/38 MP: 6/6
  3478 | D:4      | Reached skill level 4 in Axes
  3732 | D:4      | Found a glowing drain.
  3745 | Sewer    | Entered a sewer
  3914 | Sewer    | Noticed Pargi
  3939 | Sewer    | Killed Pargi
  4375 | D:4      | Reached XP level 7. HP: 44/44 MP: 7/7
  4664 | D:5      | Entered Level 5 of the Dungeon
  5041 | D:5      | Reached skill level 5 in Axes
  5393 | D:5      | Found a staircase to the Ecumenical Temple.
  5413 | Temple   | Entered the Ecumenical Temple
  5657 | Temple   | Became a worshipper of Warmaster Okawaru
  5924 | D:5      | Reached skill level 5 in Armour
  6084 | D:5      | Reached XP level 8. HP: 45/48 MP: 8/8
  6408 | D:5      | Noticed a wraith
  6417 | D:5      | Reached skill level 5 in Fighting
  6417 | D:5      | Reached skill level 1 in Invocations
  6541 | D:5      | Killed a wraith
  6541 | D:5      | Reached * piety under Okawaru
  6542 | D:5      | Reached skill level 6 in Axes
  7030 | D:5      | Reached skill level 5 in Shields
  7986 | D:6      | Noticed a shadow
  8007 | D:6      | Killed a shadow
  8008 | D:6      | Reached XP level 9. HP: 18/54 MP: 9/11
  8320 | D:5      | Reached skill level 7 in Axes
  8834 | D:6      | Reached ** piety under Okawaru
  9450 | D:6      | HP: 1/55 [slime creature (10)]
 10087 | D:6      | Mangled by a slime creature

Illustrated notes

Levels and vault maps discovered:
D:1:      wander_arrival_peaceful_grave, layout_basic, serial_shops, shop,
          shapermc_ecumenical_altar_flowoftime, chequers_avenue
D:2:      layout_basic, serial_glass, glass_columns_b, glass_columns_a,
          glass_columns_a, glass_columns_a, glass_columns_b, glass_columns_c,
          basic_altar, minmay_surrounded
D:3:      gammafunk_steamed_eel, layout_loops_ring, old_standard_altar,
          serial_aquarium, aquarium_bridge_straight [aquarium_subvault_bridge,
          aquarium_subvault_window, aquarium_subvault_bridge,
          aquarium_subvault_window], aquarium_window_1, aquarium_window_1,
          aquarium_view_2f, amcnicky_mini_rare_corridor_liquid, uniq_terence
D:4:      layout_cave_pools, portal_sewer_entry_b
D:5:      minmay_chambers_of_fours, layout_basic,
          minmay_temple_entry_antechambers, serial_undead, serial_undead_a,
          serial_undead_a, serial_undead_f, serial_undead_e
D:6:      minmay_flawed_box, layout_rooms
D:7:      layout_basic, kb_rosetta, uniq_pikel
Temple:   mainiacjoe_temple_cubbyholes

Skill      XL: |  1  2  3  4  5  6  7  8  9 |
---------------+----------------------------+-----
Axes           | 2 3 4 5 6 7 |  7.6
Armour         | 4 5 6 |  6.4
Fighting       | 4 5 |  5.9
Evocations     | 1 2 3 4 |  4.4
Shields        | 4 5 |  5.5
Invocations    | 2 4 |  4.0

Action                   |  1- 3 |  4- 6 |  7- 9 || total
-------------------------+-------+-------+-------++-------
Melee: War axe           |   124 |   180 |   343 ||   647
  Use: Scroll            |     4 |     3 |     9 ||    16
       Potion            |       |     3 |     6 ||     9
Armor: Scale mail        |    76 |   144 |     9 ||   229
       Chain mail        |       |       |   245 ||   245
Dodge: Dodged            |    66 |   116 |   120 ||   302
Block: Buckler           |    17 |    63 |   127 ||   207

Table legend: (Time is in decaauts)
 A = Elapsed time spent in this place.
 B = Non-inter-level travel time spent in this place.
 C = Inter-level travel time spent in this place.
 D = Time resting spent in this place.
 E = Time spent auto-exploring this place.
 F = Levels seen in this place.
 G = Mean time per level.
                   A        B        C        D        E       F      G
               +--------+--------+--------+--------+--------+-----+--------+
         Total |  10276 |  10158 |    118 |   3278 |   4878 |   9 | 1141.8 |
       Dungeon |   9552 |   9451 |    101 |   3043 |   4506 |   7 | 1364.6 |
        Temple |    262 |    245 |     17 |      0 |    237 |   1 |  262.0 |
         Sewer |    461 |    461 |      0 |    235 |    135 |   1 |  461.0 |
               +--------+--------+--------+--------+--------+-----+--------+

Top non-repeatable levels by time:
     D:5: 3187 daAuts
     D:6: 1902 daAuts
     D:3: 1267 daAuts
     D:1: 1257 daAuts
     D:4: 944 daAuts
     D:2: 844 daAuts
   Sewer: 461 daAuts
  Temple: 262 daAuts
     D:7: 147 daAuts
